 Dungeon Crawl Stone Soup version 0.31.0-11-ge490571c62 (webtiles) character file.

Game seed: 539575595568500049

170 booth the Chopper (level 5, -5/29 (47) HPs)
             Began as a Hill Orc Monk on Feb 4, 2024.
             Slain by an orc warrior
             ... wielding a +1 flail of draining
              (8 damage)
             ... on level 3 of the Dungeon.
             The game lasted 00:12:15 (2122 turns).

booth the Chopper (Hill Orc Monk)                   Turns: 2122, Time: 00:12:16

HP:   -5/29 (47)    AC: 16    Str: 16    XL:     5   Next: 50%
MP:   6/6           EV: 11    Int: 10    God:
Gold: 123           SH:  0    Dex: 13    Spells: 4/4 levels left

rFire   . . .        a - +0 hand axe (protect)
rCold   . . .        d - orb {light}
rNeg    . . .        r - +0 ring mail
rPois   .            i - +2 hat
rElec   .            (no cloak)
rCorr   .            w - +0 pair of gloves
SInv    .            k - +0 pair of boots
Will    .....        (no amulet)
Stlth   +            (no ring)
HPRegen 0.24/turn    (no ring)
MPRegen 0.10/turn

%: no passive effects
@: under a protective aura, glowing, very heavily drained
A: no striking features
a: no special abilities


You were on level 3 of the Dungeon.
You visited 1 branch of the dungeon, and saw 3 of its levels.

You collected 123 gold pieces.

Inventory:

Hand Weapons
 a - a +0 hand axe of protection (weapon)
 g - a +0 flail of protection
Missiles
 j - 6 boomerangs (quivered)
Armour
 d - an orb of light (worn)
 i - a +2 hat (worn)
 k - a +0 pair of boots (worn)
 q - a +0 helmet
 r - a +0 ring mail (worn)
 w - a +0 pair of gloves (worn)
Scrolls
 m - a scroll of blinking {unknown}
 n - a scroll of fear {unknown}
 o - a scroll of silence {unknown}
 s - a scroll of noise {unknown}
 t - 2 scrolls of fog
Potions
 b - a potion of curing
 c - a potion of ambrosia
 e - 2 potions of mutation
 f - a potion of brilliance
 h - 2 potions of haste {unknown}
 l - 2 potions of attraction {unknown}
 p - 2 potions of degeneration {unknown}
 u - a potion of cancellation {unknown}
 v - a potion of magic {unknown}


   Skills:
 + Level 4.9 Fighting
 * Level 6.1 Axes
 + Level 0.1 Armour
 - Level 2.7 Dodging
 + Level 2.3 Invocations


You had 4 spell levels left.
You didn't know any spells.
Your spell library was empty.

Dungeon Overview and Level Annotations

Branches:
Dungeon (3/15)

Altars:

Shops:
D:3 =


Message History

The orc warrior closely misses you.
You hit the orc warrior but do no damage.
The orc warrior is heavily wounded.
The orc warrior hits you but does no damage.
You feel drained.
You hit the orc warrior.
The orc warrior is heavily wounded.
The orc warrior closely misses you.
You hit the orc warrior but do no damage.
The orc warrior is heavily wounded.
The orc warrior hits you but does no damage.
You feel drained.
You hit the orc warrior but do no damage.
The orc warrior is heavily wounded.
The orc warrior hits you with a +1 flail of draining.
You feel drained.
You barely miss the orc warrior.
The orc warrior is heavily wounded.
The orc warrior barely misses you.
You hit the orc warrior but do no damage.
The orc warrior is heavily wounded.
The orc warrior hits you with a +1 flail of draining.
You feel drained.
You hit the orc warrior.
The orc warrior is heavily wounded.
The orc warrior hits you with a +1 flail of draining!
* * * LOW HITPOINT WARNING * * *
You feel drained.
* * * LOW HITPOINT WARNING * * *
Throw: 6 boomerangs
Press: ? - help, Q - select action Shift-Dir - straight line, f - orc warrior
Aim: an orc warrior, wielding a +1 flail of draining and wearing a +0 plate armour (heavily wounded, haloed, 76% to hit)
You throw a boomerang.
The boomerang hits the orc warrior but does no damage.
The orc warrior is heavily wounded.
The orc warrior closely misses you.
You hit the orc warrior but do no damage.
The orc warrior is heavily wounded.
The orc warrior hits you with a +1 flail of draining!
You die...

........#.#
..........# #.......#
###......o# ...
.........o# ....
..........# .....
..........# .....
###.......#######.....
#......oo@..........
#.###.#####.......##
#. ...> #.......#
#......# #.......#
#......# #.......#
#......# #.......#
#......# #.......#
#.###|## #.......#
###.######


You could see an orc warrior and an orc wizard (invisible).

Vanquished Creatures
  Terence (D:2)
  A scorpion zombie (D:3)
  6 adders
  2 adder zombies (D:3)
  A dart slug (D:2)
  2 ribbon worms (D:2)
  An orc (D:3)
  4 endoplasms
  3 giant cockroaches
  3 goblins
  5 hobgoblins
  4 jackals
  2 quokkas
  3 bats
  4 frilled lizards
  10 kobolds
  6 rats
58 creatures vanquished.

Notes
Turn   | Place    | Note
-------+----------+-------------------------------------------
     0 | D:1      | booth the Hill Orc Monk began the quest for the Orb.
     0 | D:1      | Reached XP level 1. HP: 19/19 MP: 1/1
   108 | D:1      | Reached XP level 2. HP: 15/27 MP: 2/2
   505 | D:1      | Reached XP level 3. HP: 33/33 MP: 3/3
   691 | D:2      | Noticed Terence
   708 | D:2      | Killed Terence
   709 | D:2      | Reached skill level 5 in Axes
   709 | D:2      | Reached skill level 1 in Invocations
   709 | D:2      | Reached XP level 4. HP: 29/41 MP: 3/5
  1784 | D:3      | Reached XP level 5. HP: 27/47 MP: 6/6
  1927 | D:3      | Reached skill level 6 in Axes
  2014 | D:3      | Found Viashuw's Jewellery Shoppe.
  2086 | D:3      | Noticed an orc warrior
  2122 | D:3      | Slain by an orc warrior

Illustrated notes

Levels and vault maps discovered:
D:1:      ncdulo_wetmaze, layout_rooms, serial_curves, eino_curves_03,
          eino_curves_03
D:2:      layout_loops_ring, minivault_23, st_stairs_14,
          minmay_misc_feat_ornament, corexii_corridor_pit, glass_columns_a,
          kennysheep_another_room, lexackson_kobold_supper, uniq_terence
D:3:      layout_basic, nicolae_yredelemnul_corpse_copse, serial_shops, shop,
          shop, shop

Skill      XL: |  1  2  3  4  5 |
---------------+----------------+-----
Fighting       | 4 |  4.9
Axes           | 5 6 |  6.1
Invocations    | 1 2 |  2.3
Armour         | |  0.1
Dodging        | |  2.7

Action                     |  1- 3 |  4- 6 || total
---------------------------+-------+-------++-------
  Melee: Hand axe          |    79 |   168 ||   247
  Throw: Boomerang         |       |     1 ||     1
    Use: Scroll            |     3 |     3 ||     6
 Armour: Robe              |    38 |       ||    38
         Leather armour    |     9 |    56 ||    65
         Ring mail         |       |    18 ||    18
  Dodge: Dodged            |    44 |    39 ||    83
